 Dungeon Crawl Stone Soup version 0.27-a0-789-g6bb3289e1e (webtiles) character file.

Game seed: 8156979514674257775

1139 leviel the Cudgeller (level 8, -7/51 HPs)
             Began as a Gargoyle Fighter on Mar 27, 2021.
             Killed from afar by a steam dragon (20 damage)
             ... with a ball of steam
             ... on level 5 of the Dungeon.
             The game lasted 00:12:21 (4778 turns).

leviel the Cudgeller (Gargoyle Fighter)             Turns: 4778, Time: 00:12:21

Health: -7/51      AC: 22    Str: 23    XL:     8   Next: 37%
Magic:  11/11      EV:  1    Int:  8    God:
Gold:   225        SH:  9    Dex:  9    Spells: 7/7 levels left

rFire    . . .     SeeInvis .   a - +0 flail
rCold    . . .     Faith    .   c - +0 kite shield
rNeg     + . .     Spirit   .   d - +1 crystal plate armour
rPois    ∞         Reflect  .   (no helmet)
rElec    +         Harm     .   (no cloak)
rCorr    .         Rampage  .   (no gloves)
Will     .....                  (no boots)
Stlth    ..........             (no amulet)
HPRegen  0.17/turn              (no ring)
MPRegen  0.12/turn              (no ring)

@: no status effects
A: AC +5, negative energy resistance 1, electricity resistance, torment
resistance 1, unbreathing 1, petrification resistance
a: no special abilities


You were on level 5 of the Dungeon.
You visited 1 branch of the dungeon, and saw 5 of its levels.

You collected 225 gold pieces.

Inventory:

Hand Weapons
 a - a +0 flail (weapon)
Armour
 c - a +0 kite shield (worn)
 d - a +1 crystal plate armour (worn)
 t - the +1 leather armour of Valiance {rElec Regen+ Str+4}
   (You found it on level 4 of the Dungeon)

   It affects your strength (+4).
   It insulates you from electricity.
   It increases your rate of regeneration.
Jewellery
 p - a ring of protection from cold
Scrolls
 e - 2 scrolls of teleportation
 f - 3 scrolls of identify
Potions
 b - a potion of lignification {unknown}
 g - 2 potions of attraction {unknown}
 h - 4 potions of curing {unknown}
 j - a potion of flight {unknown}
 m - 2 potions of heal wounds {unknown}
 q - a potion of brilliance {unknown}
 r - 3 potions of haste {unknown}
 s - a potion of cancellation {unknown}
 u - a potion of resistance {unknown}


   Skills:
 + Level 5.9 Fighting
 * Level 6.6 Maces & Flails
 + Level 3.2 Armour
 - Level 3.2 Shields
 + Level 4.5 Invocations
 + Level 3.1 Evocations


You had 7 spell levels left.
You didn't know any spells.
Your spell library contained the following spells:

 Spells                   Type           Power      Damage    Failure   Level
 Beastly Appendage        Tmut           0%         N/A       100%        1
 Wereblood                Tmut           0%         N/A       100%        2
 Spider Form              Tmut/Pois      0%         N/A       100%        3
 Ice Form                 Ice/Tmut       0%         N/A       100%        4
 Blade Hands              Tmut           0%         N/A       100%        5


Dungeon Overview and Level Annotations

Branches:
Dungeon (5/15)
 Temple: D:4-7

Altars:
Makhleb
Sif Muna
Zin
The Shining One

Shops:
D:4 *


Innate Abilities, Weirdness & Mutations

Your stone body is resilient. (AC +5)
You are immune to poison.
You resist negative energy. (rN+)
You are resistant to electric shocks. (rElec)
You are resistant to unholy torment.
You can survive without breathing.
You are immune to petrification.


Message History

Your shield prevents you from hitting the steam dragon.
The steam dragon is moderately wounded.
The steam dragon bites you but does no damage.
The steam dragon completely misses you.
Your unstable footing causes you to fumble your attack.
The steam dragon breathes steam at you. The ball of steam hits you.
Your unstable footing causes you to fumble your attack.
The fungus is engulfed in a cloud of scalding steam.
The fungus begins to die.
The steam dragon bites you but does no damage.
The steam dragon claws you but does no damage.
Your unstable footing causes you to fumble your attack.
The fungus is engulfed in a cloud of scalding steam.
The steam dragon bites you.
The steam dragon claws you but does no damage.
The steam dragon bites you but does no damage.
The steam dragon claws you but does no damage.
You barely miss the steam dragon.
The steam dragon is moderately wounded.
You are engulfed in a cloud of scalding steam.
A nearby fungus withers and dies.
The steam dragon bites you.
The steam dragon claws you but does no damage.
You are too injured to fight recklessly!
You are too injured to fight recklessly!
You are too injured to fight recklessly!
You are too injured to fight recklessly!
You are too injured to fight recklessly!
You are too injured to fight recklessly!
You are too injured to fight recklessly!
You closely miss the steam dragon.
The steam dragon is moderately wounded.
The steam dragon breathes steam at you. The ball of steam hits you!
* * * LOW HITPOINT WARNING * * *
Your shield and crystal plate armour prevent you from hitting the steam dragon.
The steam dragon is moderately wounded.
The steam dragon breathes steam at you. The ball of steam hits you!!
You die...

##.?..............
#...###########... ##..## ####
#...# ##..##### ## #.##...##
******* ≈########
###≈.≈≈.##*,,,,,**
...≈≈..^#########§....≈.#,,,,..,*
........≈..^..§§@D.....≈#***,...*
≈...≈.≈........§§§......# **....
.)=≈#######....≈≈≈≈....## *....
.)###** #######≈≈.P.≈# **....
###,,,** ###^≈### **,..##
,,,,,,,** *### **,,,**#
****,,,,*********** **,,***
**,,,,,**,,,,,,** **,,**
**,,,,,,,,,,,,,,*****,,**


You could see a steam dragon (catching breath).

Vanquished Creatures
  A steam dragon (D:5)
  A water moccasin (D:5)
  2 ice beasts
  An ogre (D:5)
  2 bullfrogs
  A water moccasin zombie (D:5)
  2 scorpions (D:4)
  A centaur zombie (D:2)
  An orc priest (D:5)
  An iguana (D:5)
  An orc wizard (D:5)
  A hound zombie (D:5)
  A hound skeleton (D:5)
  A gnoll (D:1)
  7 adders
  6 dart slugs
  3 orcs
  9 endoplasms
  7 giant cockroaches
  10 goblins
  8 hobgoblins
  11 jackals
  9 quokkas
  8 ball pythons
  10 bats
  2 frilled lizards
  7 kobolds
  5 rats
119 creatures vanquished.

Vanquished Creatures (others)
  17 fungi (D:5)
17 creatures vanquished.

Grand Total: 136 creatures vanquished

Notes
Turn   | Place    | Note
-------+----------+-------------------------------------------
     0 | D:1      | leviel the Gargoyle Fighter began the quest for the Orb.
     0 | D:1      | Reached XP level 1. HP: 14/14 MP: 1/1
    40 | D:1      | Reached XP level 2. HP: 17/19 MP: 2/2
   141 | D:1      | Reached skill level 1 in Invocations
   387 | D:1      | Reached XP level 3. HP: 11/23 MP: 3/3
   675 | D:1      | Reached skill level 3 in Maces & Flails
  1100 | D:2      | Reached XP level 4. HP: 29/29 MP: 5/5
  1448 | D:2      | Noticed a bullfrog
  1452 | D:2      | Killed a bullfrog
  1453 | D:2      | Reached XP level 5. HP: 28/33 MP: 6/6
  1458 | D:2      | Reached skill level 4 in Maces & Flails
  2262 | D:3      | Noticed an ice beast
  2286 | D:3      | Killed an ice beast
  2287 | D:3      | Reached skill level 1 in Evocations
  2287 | D:3      | Reached XP level 6. HP: 35/39 MP: 6/8
  2617 | D:3      | Found a faded altar of an unknown god.
  2670 | D:3      | Found a glowing silver altar of Zin.
  2670 | D:3      | Found a burning altar of Makhleb.
  2671 | D:3      | Noticed a green death
  2671 | D:3      | Noticed an angel
  2874 | D:4      | Identified the +1 leather armour of Valiance {rElec Regen+
                  | Str+4}
  3048 | D:4      | Reached skill level 5 in Maces & Flails
  3171 | D:4      | Reached skill level 5 in Fighting
  3171 | D:4      | Reached XP level 7. HP: 44/44 MP: 9/9
  3250 | D:4      | Found a shimmering blue altar of Sif Muna.
  3352 | D:4      | Found Usuv's General Store.
  4039 | D:5      | Entered Level 5 of the Dungeon
  4328 | D:5      | Reached skill level 6 in Maces & Flails
  4328 | D:5      | Reached XP level 8. HP: 35/50 MP: 9/11
  4529 | D:5      | Found a glowing golden altar of the Shining One.
  4737 | D:5      | Identified a scroll of acquirement
  4737 | D:5      | Acquired a +1 crystal plate armour
  4778 | D:5      | Killed from afar by a steam dragon

Illustrated notes

Levels and vault maps discovered:
D:1:      psy_arrival_spokes, layout_rooms
D:2:      minmay_razor_zed, layout_rooms
D:3:      layout_loops_ring, grunt_temple_overflow_order_and_chaos_2,
          chequers_ecumenical_altar_simple
D:4:      layout_basic, nicolae_overflow_crystal_walls, serial_shops,
          nicolae_shop_statue_plus, wad_rectangle_vault
D:5:      kennysheep_steamy, layout_layer_cave, nicolae_tso_carved_into_rock

Skill      XL: |  1  2  3  4  5  6  7  8 |
---------------+-------------------------+-----
Invocations    | 1 2 3 4 |  4.5
Maces & Flails | 3 4 5 6 |  6.6
Fighting       | 4 5 |  5.9
Evocations     | 1 2 3 |  3.1
Armour         | |  3.2
Shields        | |  3.2

Action                   |  1- 3 |  4- 6 |  7- 9 || total
-------------------------+-------+-------+-------++-------
Melee: Flail             |   117 |   223 |   166 ||   506
  Use: Potion            |       |     1 |       ||     1
       Scroll            |       |       |    10 ||    10
Armor: Scale mail        |    91 |   132 |       ||   223
       Leather armour    |       |    28 |    74 ||   102
       Crystal plate arm |       |       |    18 ||    18
Dodge: Dodged            |    41 |   102 |    55 ||   198
Block: Kite shield       |    92 |   147 |    85 ||   324

Table legend: (Time is in decaauts)
 A = Elapsed time spent in this place.
 B = Non-inter-level travel time spent in this place.
 C = Inter-level travel time spent in this place.
 D = Time resting spent in this place.
 E = Time spent auto-exploring this place.
 F = Levels seen in this place.
 G = Mean time per level.
                   A        B        C        D        E       F      G
               +--------+--------+--------+--------+--------+-----+--------+
         Total |   4989 |   4924 |     65 |    477 |   3223 |   5 |  997.8 |
       Dungeon |   4989 |   4924 |     65 |    477 |   3223 |   5 |  997.8 |
               +--------+--------+--------+--------+--------+-----+--------+

Top non-repeatable levels by time:
     D:4: 1242 daAuts
     D:2: 1078 daAuts
     D:1: 1051 daAuts
     D:3: 829 daAuts
     D:5: 787 daAuts
